 Dungeon Crawl Stone Soup version 0.25-a0-435-g4b9beb1 (webtiles) character file.

Game seed: 3676909184892109180, levelgen mode: deterministic

646346 kazza789 the Hoplite (level 27, 0/287 HPs)
             Began as a Hill Orc Fighter on Jan 2, 2020.
             Was the Champion of Zin.
             Killed from afar by a hellion (28 damage)
             ... with damnation
             ... created by the effects of Hell
             ... on level 6 of Tartarus on Jan 28, 2020.
             The game lasted 05:41:10 (66820 turns).

kazza789 the Hoplite (Hill Orc Fighter)            Turns: 66820, Time: 05:41:10

Health: 0/287      AC: 39    Str: 36      XL:     27
Magic:  36/36      EV: 23    Int:  7 (8)  God:    Zin [******]
Gold:   2382       SH: 45    Dex: 16      Spells: 38/41 levels left

rFire    + + .     SeeInvis +   T - +8 mithril axe "Arga" {speed, MR+}
rCold    + + +     Gourm    .   p - +10 large shield of Ignorance {rN+ Int-4}
rNeg     + + +     Faith    .   b - +5 gold dragon scales
rPois    +         Spirit   .   B - +1 helmet {SInv}
rElec    +         Reflect  +   D - +1 cloak of Starlight {rElec rC+ EV+4 Stlth--}
rCorr    .         Harm     .   N - +0 pair of gloves "Suillum" {rF+ rC+ MR+ Str+2} (curse)
MR       +++++                  W - +2 pair of boots {run}
Stlth    ..........             e - +6 amulet of reflection
HPRegen  0.00/turn              M - ring "Tihat" {rN+ Str+3 Int+4 SInv Stlth+}
MPRegen  0.25/turn              H - ring of the Gloaming {rN+ Str+5}

@: very slightly contaminated, quick
A: cold resistance 1, magic resistance 1, robust 1, inhibited regeneration
}: 3/15 runes: barnacled, silver, gossamer
a: Recite, Vitalisation, Imprison, Sanctuary, Donate Gold, Renounce Religion


You were on level 6 of Tartarus.
You worshipped Zin.
Zin was exalted by your worship.
You were very hungry.

You visited 12 branches of the dungeon, and saw 55 of its levels.
You visited 2 bazaars.
You also visited: Sewer, Ice Cave and Wizlab.

You collected 8077 gold pieces.
You spent 4150 gold pieces at shops.
You donated 1545 gold pieces to Zin.

Inventory:

Hand Weapons
 J - a +7 eveningstar of electrocution
 T - the +8 mithril axe "Arga" (weapon) {speed, MR+}
   (You took it off a deep elf sorcerer on level 3 of the Elven Halls)

   Attacks with this weapon are significantly faster.
   It affects your resistance to hostile enchantments.
Armour
 b - +5 gold dragon scales (worn)
 l - the +7 Kryia's mail coat {PotionHeal*2 rC+}
   (Okawaru gifted it to you on level 4 of the Depths)

   It protects you from cold.
   If you switch to wearing this armour, your AC will fall 9 points (39 -> 30)
 p - the +10 large shield of Ignorance (worn) {rN+ Int-4}
   (You found it on level 5 of the Vaults)

   It affects your intelligence (-4).
   It protects you from negative energy.
   If you remove this armour, your AC will rise 0 points (39 -> 39)
 B - a +1 helmet of see invisible (worn)
 D - the +1 cloak of Starlight (worn) {rElec rC+ EV+4 Stlth--}
   (You found it in a wizard's laboratory)

   It affects your evasion (+4).
   It protects you from cold.
   It insulates you from electricity.
   It makes you much less stealthy.
   If you remove this armour, your AC will fall 3 points (39 -> 36)
 N - the cursed +0 pair of gloves "Suillum" (worn) {rF+ rC+ MR+ Str+2}
   (You found it on level 2 of the Crypt)

   It affects your strength (+2).
   It protects you from fire.
   It protects you from cold.
   It affects your resistance to hostile enchantments.
   If you remove this armour, your AC will fall 2 points (39 -> 37) It has a
   curse placed upon it.
 V - the +0 large shield of Eliole {rF++ rC+}
   (Okawaru gifted it to you on level 6 of the Lair of Beasts)

   It greatly protects you from fire.
   It protects you from cold.
   If you switch to wearing this armour, your AC will rise 0 points (39 -> 39)
 W - a +2 pair of boots of running (worn)
Jewellery
 e - a +6 amulet of reflection (around neck)
 H - the ring of the Gloaming (right hand) {rN+ Str+5}
   (You took it off a deep elf death mage on level 3 of the Elven Halls)

   [ring of strength]

   It affects your strength (+5).
   It protects you from negative energy.
 M - the ring "Tihat" (left hand) {rN+ Str+3 Int+4 SInv Stlth+}
   (You took it off an ironheart preserver on level 5 of the Vaults)

   [ring of see invisible]

   It affects your strength (+3).
   It affects your intelligence (+4).
   It protects you from negative energy.
   It lets you see invisible.
   It makes you more stealthy.
 S - the ring of Xezaogo {MR++ rCorr Str+2 Dex-4 Stlth+}
   (You found it on level 1 of the Vaults)

   [ring of resist corrosion]

   It affects your strength (+2).
   It affects your dexterity (-4).
   It affects your resistance to hostile enchantments.
   It provides partial protection from all sources of acid and corrosion.
   It makes you more stealthy.
 Z - the ring of Phasing {EV+8}
   (You bought it in a shop on level 3 of the Elven Halls)

   [ring of evasion]

   It affects your evasion (+8).
Wands
 j - a wand of iceblast (58)
 o - a wand of scattershot (18)
 r - a wand of clouds (3)
 u - a wand of enslavement (10)
 y - a wand of polymorph (45)
 I - a wand of digging (12)
 K - a wand of disintegration (39)
Scrolls
 a - 12 scrolls of fog
 d - 2 scrolls of silence
 m - 12 scrolls of blinking
 s - 4 scrolls of magic mapping
 t - 30 scrolls of teleportation
 z - 10 scrolls of identify
 A - 3 scrolls of fear
 E - 3 scrolls of amnesia
 G - 6 scrolls of summoning
 L - 19 scrolls of remove curse
Potions
 c - a potion of brilliance
 g - 7 potions of haste
 h - 5 potions of heal wounds
 i - a potion of magic
 k - 6 potions of ambrosia
 n - 4 potions of berserk rage
 q - 10 potions of curing
 v - 7 potions of might
 w - 8 potions of flight
 x - 6 potions of agility
 O - 2 potions of invisibility
 R - 2 potions of cancellation
 X - 3 potions of resistance
Miscellaneous
 C - a phial of floods
 F - a sack of spiders
Comestibles
 f - 67 rations


   Skills:
 - Level 24.0 Fighting
 - Level 20.5 Axes
 - Level 1.0(12.0) Maces & Flails
 - Level 20.2 Armour
 - Level 17.7 Dodging
 - Level 26.0 Shields
 * Level 7.9 Spellcasting
 - Level 5.0 Summonings
 * Level 7.2 Translocations
 * Level 19.8 Invocations


You had 38 spell levels left.
You knew the following spells:

 Your Spells              Type           Power        Failure   Level  Hunger
a - Summon Butterflies    Summ           #.......     19%         1    None
b - Blink                 Tloc           N/A          11%         2    ##.....

Your spell library contained the following spells:

 Spells                   Type           Power        Failure   Level  Hunger
 Apportation              Tloc           ##....       8%          1    None
 Gell's Gravitas          Tloc           ##........   22%         3    ###....
 Lesser Beckoning         Tloc           ##........   22%         3    ###....
 Teleport Other           Tloc           ##......     22%         3    ###....
 Recall                   Summ/Tloc      N/A          34%         3    ###....
 Shroud of Golubria       Chrm/Tloc      #.....       43%         2    ##.....
 Passage of Golubria      Tloc           N/A          58%         4    ####...
 Portal Projectile        Hex/Tloc       #.....       67%         3    ###....
 Animate Skeleton         Necr           N/A          82%         1    None
 Corona                   Hex            #......      82%         1    None
 Infusion                 Chrm           #...         82%         1    None
 Pain                     Necr           #...         82%         1    None
 Sting                    Tmut/Pois      #...         82%         1    None
 Slow                     Hex            #.......     91%         2    ##.....
 Song of Slaying          Chrm           #.......     91%         2    ##.....
 Summon Forest            Summ/Tloc      ##........   97%         5    ######.
 Confusing Touch          Hex            #.......     99%         3    ###....
 Conjure Flame            Conj/Fire      #.......     99%         3    ###....
 Ignite Poison            Fire/Tmut/Pois #.......     99%         3    ###....
 Inner Flame              Hex/Fire       #.......     99%         3    ###....
 Ozocubu's Armour         Chrm/Ice       #.......     99%         3    ###....
 Spectral Weapon          Hex/Chrm       #.......     99%         3    ###....
 Static Discharge         Conj/Air       #.......     99%         3    ###....
 Stone Arrow              Conj/Erth      #.....       99%         3    ###....
 Tukima's Dance           Hex            #.......     99%         3    ###....
 Vampiric Draining        Necr           #.........   99%         3    ###....
 Summon Lightning Spire   Summ/Air       #.......     99%         4    ####...
 Aura of Abjuration       Summ           #.........   99%         5    ######.
 Summon Demon             Summ           #.........   99%         5    ######.
 Animate Dead             Necr           N/A          100%        4    ####...
 Cause Fear               Hex            #.........   100%        4    ####...
 Hailstorm                Conj/Ice       #.......     100%        4    ####...
 Leda's Liquefaction      Hex/Erth       #.........   100%        4    ####...
 Petrify                  Tmut/Erth      #.......     100%        4    ####...
 Sticky Flame             Conj/Fire      #.......     100%        4    ####...
 Agony                    Necr           #.......     100%        5    ######.
 Alistair's Intoxication  Tmut/Pois      #.......     100%        5    ######.
 Bolt of Magma            Conj/Fire/Erth #.........   100%        5    ######.
 Fireball                 Conj/Fire      #.........   100%        5    ######.
 Irradiate                Conj/Tmut      #.........   100%        5    ######.
 Iskenderun's Battlesphe  Conj/Chrm      #.......     100%        5    ######.
 Lightning Bolt           Conj/Air       #.........   100%        5    ######.
 Metabolic Englaciation   Hex/Ice        #.........   100%        5    ######.
 Silence                  Hex/Air        #.........   100%        5    ######.
 Summon Mana Viper        Hex/Summ       #.......     100%        5    ######.
 Yara's Violent Unravell  Hex/Tmut       #.........   100%        5    ######.
 Conjure Ball Lightning   Conj/Air       #.........   100%        6    #######
 Deflect Missiles         Chrm/Air       #.........   100%        6    #######
 Dispersal                Tloc           ##........   100%        6    #######
 Hydra Form               Tmut           #.........   100%        6    #######
 Invisibility             Hex            #.......     100%        6    #######
 Iron Shot                Conj/Erth      #.........   100%        6    #######
 Ozocubu's Refrigeration  Ice            #.........   100%        6    #######
 Shadow Creatures         Summ           N/A          100%        6    #######
 Simulacrum               Ice/Necr       #.........   100%        6    #######
 Starburst                Conj/Fire      #.........   100%        6    #######
 Statue Form              Tmut/Erth      #........    100%        6    #######
 Dragon Form              Tmut           #.........   100%        7    #######
 Haunt                    Necr/Summ      #.........   100%        7    #######
 Orb of Destruction       Conj           #.........   100%        7    #######
 Ring of Flames           Chrm/Fire      #.........   100%        7    #######
 Spellforged Servitor     Conj/Summ      #.........   100%        7    #######
 Borgnjor's Revivificati  Necr           #.........   100%        8    #######
 Chain Lightning          Conj/Air       #.........   100%        8    #######
 Controlled Blink         Tloc           N/A          100%        8    #######
 Death's Door             Chrm/Necr      #.........   100%        8    #######
 Disjunction              Tloc           ##........   100%        8    #######
 Ignition                 Fire           #.........   100%        8    #######
 Infestation              Necr           #.........   100%        8    #######
 Lehudib's Crystal Spear  Conj/Erth      #.........   100%        8    #######
 Necromutation            Tmut/Necr      #.........   100%        8    #######
 Fire Storm               Conj/Fire      #.........   100%        9    #######
 Glaciate                 Conj/Ice       #.........   100%        9    #######
 Shatter                  Erth           #.........   100%        9    #######
 Tornado                  Air            #.........   100%        9    #######


Dungeon Overview and Level Annotations

Branches:
Dungeon (15/15)            Temple (1/1) D:4            Lair (6/6) D:10
 Shoals (4/4) Lair:4       Spider (4/4) Lair:4        Slime (0/5) Lair:6
    Orc (2/2) D:12            Elf (3/3) Orc:2        Vaults (5/5) D:14
  Crypt (3/3) Vaults:2       Tomb (0/3) Crypt:3      Depths (5/5) D:15
   Hell (visited)             Dis (0/7) Hell            Geh (0/7) Hell
    Coc (0/7) Hell            Tar (6/7) Hell            Zot (0/5) Depths:5
  Sewer (visited)           IceCv (visited)          WizLab (visited)

Altars:
Ashenzari
Cheibriados
Dithmenos
Elyvilon
Fedhas
Gozag
Hepliaklqana
Kikubaaqudgha
Makhleb
Nemelex Xobeh
Okawaru
Qazlal
Ru
Sif Muna
Trog
Uskayaw
Vehumet
Wu Jian
Xom
Yredelemnul
Zin
The Shining One

Shops:
D:4 [   D:11 !   D:12 %   Orc:1 (   Orc:2 [*(=   Elf:2 (   Elf:3 =}=
Vaults:1 (:   Vaults:4 [   Vaults:5 :   Depths:2 (

Portals:
Hell: Depths:1 Depths:2 Depths:3 Depths:4 Depths:5
Abyss: Elf:3 Shoals:2 Depths:3 Depths:4 Depths:5
Pandemonium: Depths:3
Ziggurat: Depths:2

Annotations:
Shoals:2 1 transporter, Jafutwedgh's ghost, journeyman GnFi
Elf:2 3 runed translucent doors


Innate Abilities, Weirdness & Mutations

Your flesh is cold resistant. (rC+)
You are resistant to hostile enchantments. (MR+)
You are robust. (+10% HP)
You do not regenerate when monsters are visible.


Message History

The Tzitzimitl is lost in a daze.
The hellion gestures at you.
The sphere of damnation explodes!
The damnation engulfs you!
* * * LOW HITPOINT WARNING * * *
Okay, then.
You feel much better.
You are ready to recite again.
You block the hellion's attack.
You hit the hellion but do no damage.
Okay, then.
Blink to where?
Press: ? - help, Dir - move target cursor You are very lightly contaminated with residual magic.
As you read the scroll of blinking, it crumbles to dust.
The hellion gestures at you.
The sphere of damnation explodes!
The damnation engulfs you!!
* * * LOW HITPOINT WARNING * * *
The hellion gestures at you.
The sphere of damnation explodes!
The damnation engulfs you!!
You die...

........######..##....##.##2..##.
###....## ##.##...###.#....##.
###..# #..#...##......###. ##.##
##.......2####.# #. #..##
#......## ## ... ##..## ##...###
##. #...### ###∩..# ## #
#.....####.....# ..# #
#.........@....## .... ##
#...##..........## .....
.######....##.......).)##......
.....................))........
..............................#
...................###........#
.......###.........# ##........
.......#####......## #........
#...#....####.....# #........


You could see a hellion.

Vanquished Creatures
  Mara (Vaults:3)
  3 ancient liches
  A juggernaut (Depths:5)
  Margery (Depths:3)
  Bai Suzhen (Vaults:3)
  Saint Roka (Vaults:3)
  Geryon (Hell)
  Xtahua (Depths:3)
  3 golden dragons
  A profane servitor (Elf:3)
  Nikola (Spider:1)
  Arachne (Spider:4)
  7 bone dragons
  8 doom hounds
  7 Tzitzimimeh
  Jorgrun (Shoals:2)
  5 tentacled monstrosities
  The ghost of Agouti the Champion of Chaos, an adept GnSk of Makhleb (Elf:3)
  5 liches
  8 deep elf blademasters
  12 titans
  4 sphinxes
  5 krakens (Shoals:4)
  5 deep elf master archers
  9 ancient champions
  A tentacled starspawn (WizLab)
  7 shadow dragons
  5 storm dragons
  8 tengu reavers
  Donald (Vaults:2)
  18 fire giants
  3 revenants
  A draconian knight (Hell)
  2 draconian scorchers
  A caustic shrike zombie (Depths:2)
  10 deep elf sorcerers
  An iron dragon (Depths:5)
  23 vault wardens
  An orc warlord (Orc:2)
  2 balrugs (Hell)
  10 frost giants
  A cacodemon (Shoals:2)
  12 ghouls
  5 ghost moths
  8 deep elf elementalists
  8 emperor scorpions
  A draconian shifter (WizLab)
  3 curse skulls
  A spriggan defender (Depths:1)
  2 juggernaut zombies
  A draconian stormcaller (Depths:5)
  31 stone giants
  20 reapers
  15 ironheart preservers
  29 very ugly things
  7 war gargoyles
  A caustic shrike skeleton (Depths:2)
  2 entropy weavers
  4 green draconians
  5 deep elf demonologists
  12 vampire knights
  2 yellow draconians
  14 deep elf annihilators
  4 red draconians
  4 purple draconians
  3 black draconians
  2 white draconians
  Snorg (Lair:4)
  6 eidola
  5 spark wasps
  8 ettins
  6 merfolk javelineers
  3 blizzard demons
  8 fire dragons
  2 quicksilver dragon zombies (Crypt:1)
  7 deep elf high priests
  6 crystal guardians
  7 merfolk impalers
  The ghost of SkeletonJelly the Cleaver, a journeyman HOFi of Yredelemnul (D:11)
  2 green deaths (Hell)
  24 yaktaur captains
  17 jiangshi
  Fannar (D:11)
  36 vault guards
  12 great orbs of eyes
  16 deep elf death magi
  Erolcha (D:10)
  A catoblepas (D:14)
  9 ice dragons
  A quicksilver dragon skeleton (Crypt:1)
  10 hydras
  2 spriggan air magi (Depths:4)
  7 rakshasas
  A ghost crab (Tar:5)
  12 centaur warriors
  2 merfolk aquamancers
  9 merfolk avatars
  A two-headed ogre (shapeshifter) (Depths:5)
  23 two-headed ogres
  3 death knights
  20 dancing weapons
  14 deep troll earth magi
  2 satyrs
  9 deep troll shamans
  10 ogre magi
  3 titan zombies
  10 death yaks
  4 hell hogs (Hell)
  3 thrashing horrors
  5 tengu warriors
  Urug (D:10)
  4 large abominations
  4 sun demons (Hell)
  4 orc high priests
  14 vampire magi
  5 spriggan berserkers
  20 deep elf knights
  3 sixfirhies (Elf:1)
  6 shadow wraiths
  A fire crab (Lair:6)
  10 soul eaters
  3 unseen horrors
  An iron golem (Hell)
  21 hell knights
  2 salamander mystics (Depths:4)
  2 titan skeletons (Tar:1)
  A spark wasp zombie (Depths:2)
  8 flayed ghosts
  83 skeletal warriors
  A storm dragon skeleton (Tar:5)
  4 glowing orange brains
  30 deep trolls
  9 sea snakes
  An anaconda zombie (Hell)
  5 shadow demons
  7 wizards
  An obsidian statue (WizLab)
  A glowing orange brain (shapeshifter) (Depths:2)
  2 golden dragon zombies (Depths:2)
  A golden dragon skeleton (Depths:2)
  A kraken simulacrum (Hell)
  A tengu zombie (Depths:2)
  21 ironbrand convokers
  18 phantasmal warriors
  21 deep elf archers
  26 necromancers
  3 wolf spider zombies
  2 shadow dragon zombies (Hell)
  3 sphinx zombies (Depths:2)
  10 harpies
  2 iron dragon zombies
  25 ugly things
  15 orc knights
  2 anaconda skeletons
  10 fauns
  7 cyclopes
  A shadow dragon skeleton (Tar:6)
  A stone giant zombie (Hell)
  20 orb spiders
  A fire giant zombie (Depths:2)
  A mana viper (shapeshifter) (Vaults:5)
  7 orc sorcerers
  A frost giant zombie (Tar:5)
  A worldbinder (WizLab)
  59 deep elf magi
  37 wolf spiders
  3 iron dragon skeletons
  A tengu skeleton (Depths:2)
  2 manticores (shapeshifter)
  15 manticores
  A sphinx skeleton (WizLab)
  2 frost giant skeletons
  6 salamanders (Depths:4)
  19 elephants
  3 moths of wrath
  Maurice (D:11)
  Joseph (D:7)
  12 merfolk sirens
  A guardian serpent (Elf:2)
  An apocalypse crab (WizLab)
  4 rust devils
  3 fire giant skeletons
  18 vault sentinels
  An eye of devastation (shapeshifter) (Elf:1)
  3 human skeletons
  A torpor snail (Spider:4)
  A gargoyle (D:11)
  3 smoke demons (Hell)
  13 spiny frogs
  2 emperor scorpion zombies
  2 ice statues (IceCv)
  5 black mambas
  4 molten gargoyles
  2 stone giant skeletons
  3 orange demons
  3 water nymphs
  2 demonspawn skeletons (WizLab)
  3 centaur skeletons
  2 elf zombies
  5 spectral swamp worms (Depths:4)
  A hellion (Tar:4)
  7 rime drakes
  3 spriggan zombies
  An efreet (WizLab)
  A tormentor (Tar:4)
  13 freezing wraiths
  A pale draconian skeleton (Crypt:1)
  3 tengu conjurers
  A komodo dragon (shapeshifter) (Vaults:4)
  49 yaktaurs
  12 demonic crawlers
  A hellwing (WizLab)
  18 komodo dragons
  16 ice devils
  3 hydra zombies
  4 trolls
  2 black draconian skeletons
  41 jumping spiders
  A minotaur skeleton (Crypt:2)
  A queen bee (shapeshifter) (Vaults:2)
  3 wind drakes
  2 red devils
  A merfolk (shapeshifter) (Depths:5)
  A polar bear (shapeshifter) (Vaults:4)
  A yellow draconian skeleton (Tar:5)
  An ancient zyme (WizLab)
  19 merfolk
  16 hornets
  A polar bear (Lair:2)
  A tengu simulacrum (Depths:2)
  13 dream sheep
  9 snapping turtles
  2 harpy skeletons
  A blink frog (shapeshifter) (Vaults:1)
  13 hippogriffs
  A raiju (shapeshifter) (Vaults:2)
  22 slime creatures
  5 raiju
  A hydra skeleton (Hell)
  14 blink frogs
  A meliai zombie (Crypt:2)
  A sphinx simulacrum (Depths:2)
  A hippogriff (shapeshifter) (Elf:3)
  A fire dragon zombie (Tar:3)
  62 flying skulls
  A black mamba zombie (Crypt:3)
  8 shadows
  3 spriggan skeletons
  2 tarantellas (shapeshifter)
  An alligator skeleton (Tar:4)
  An ettin zombie (Crypt:3)
  A fire dragon skeleton (Crypt:1)
  77 redbacks
  43 tarantellas
  3 ettin skeletons
  3 air elementals
  4 fire elementals
  20 water elementals
  6 spriggans
  13 wraiths
  2 hogs (shapeshifter)
  A spriggan (shapeshifter) (Vaults:3)
  14 wyverns
  A human (Elf:3)
  38 yaks
  8 basilisks
  2 steam dragons (Lair:6)
  4 hungry ghosts
  6 wargs
  4 vampire mosquitoes (D:12)
  2 two-headed ogre zombies (D:12)
  An acid dragon (shapeshifter) (Depths:2)
  2 spatial vortices (WizLab)
  An acid dragon (D:11)
  An infernal demonspawn skeleton (WizLab)
  Duvessa (D:7)
  24 hell hounds
  A hydra simulacrum (Hell)
  3 spiny frog zombies (Hell)
  13 water moccasins
  46 orc warriors
  12 porcupines
  A spriggan simulacrum (Depths:2)
  4 black bears
  A merfolk skeleton (Tar:2)
  2 ice beasts
  2 sky beasts
  A swamp dragon zombie (Tar:6)
  2 dream sheep zombies
  An eye of draining (shapeshifter) (Depths:3)
  An ettin simulacrum (Tar:6)
  7 boggarts
  A hornet zombie (D:14)
  25 ogres
  A snapping turtle zombie (Hell)
  6 phantoms
  15 necrophages
  A swamp dragon skeleton (Crypt:3)
  3 elf skeletons
  10 crocodiles
  21 centaurs
  12 wolves
  2 big kobolds (Sewer)
  14 bullfrogs
  A wyvern zombie (D:12)
  2 glowing shapeshifter simulacra (Depths:2)
  An earth elemental (Elf:3)
  Dowan (D:7)
  2 gnoll sergeants
  A wyvern skeleton (D:13)
  3 scorpions
  A water moccasin skeleton (D:10)
  A queen bee zombie (Crypt:2)
  9 killer bees
  2 human simulacra
  2 howler monkeys (D:10)
  10 wights
  3 electric eels
  4 lava snakes (Lair:6)
  6 crimson imps
  2 centaur zombies
  A bullfrog zombie (D:12)
  2 jellies
  A quasit (D:14)
  2 human zombies
  5 hounds
  28 orc priests
  2 iron imps (Hell)
  35 orc wizards
  A bullfrog skeleton (D:5)
  5 iguanas
  9 worker ants
  6 ogre zombies (D:12)
  A big kobold skeleton (Crypt:1)
  A hound zombie (D:10)
  2 hound skeletons
  Robin (D:2)
  2 howler monkey skeletons (D:5)
  17 gnolls
  20 adders
  5 river rats (Sewer)
  7 shadow imps
  6 white imps (IceCv)
  9 ufetubi (IceCv)
  An iguana skeleton (Crypt:1)
  6 worms
  A dart slug (D:1)
  3 leopard geckos
  117 orcs
  7 ball pythons
  7 giant cockroaches
  16 goblins
  8 hobgoblins
  12 jackals
  25 kobolds
  3 quokkas
  4 bats
  7 frilled lizards
  A gnoll zombie (Crypt:2)
  2 goblin skeletons
  A goblin zombie (D:12)
  2 hobgoblin skeletons (D:12)
  2 jackal zombies
  A kobold zombie (Tar:6)
  2 leopard gecko skeletons
  4 orc skeletons
  18 orc zombies (D:12)
  28 rats
  4 crawling corpses
  3 fungi (Lair:6)
  8 plants
  A starspawn tentacle (WizLab)
  21 tentacles (Shoals:4)
2825 creatures vanquished.

Vanquished Creatures (others)
  2 deep elf master archers
  An eldritch tentacle (WizLab)
  A fire giant (Depths:2)
  A stone giant (Vaults:5)
  4 yaktaur captains
  A centaur warrior (Vaults:1)
  A vampire mage (Depths:1)
  3 deep elf archers
  2 fauns (Shoals:3)
  A merfolk siren (Shoals:3)
  25 yaktaurs
  A slime creature (Vaults:1)
  An orc wizard (D:4)
  A white imp (IceCv)
  An ufetubus (IceCv)
  28 fungi
  A lurking horror (Elf:3)
  8 plants
  A starspawn tentacle (WizLab)
  62 tentacles
146 creatures vanquished.

Grand Total: 2971 creatures vanquished

Notes
Turn   | Place    | Note
-------+----------+-------------------------------------------
     0 | D:1      | kazza789 the Hill Orc Fighter began the quest for the Orb.
     0 | D:1      | Reached XP level 1. HP: 19/19 MP: 1/1
   191 | D:1      | Reached XP level 2. HP: 26/26 MP: 2/2
   728 | D:1      | Reached XP level 3. HP: 31/31 MP: 3/3
  1061 | D:2      | Reached skill level 5 in Axes
  1431 | D:2      | Noticed Robin
  1443 | D:2      | Reached XP level 4. HP: 31/39 MP: 4/4
  1456 | D:2      | Killed Robin
  1910 | D:2      | Found a blossoming altar of Fedhas.
  1957 | D:2      | Found a shimmering altar of Xom.
  1958 | D:2      | Found a hazy altar of Hepliaklqana.
  1959 | D:2      | Noticed a spectral ugly thing
  2087 | D:3      | Reached XP level 5. HP: 38/45 MP: 5/5
  2692 | D:3      | Reached XP level 6. HP: 51/51 MP: 6/6
  3006 | D:4      | Found a staircase to the Ecumenical Temple.
  3014 | Temple   | Entered the Ecumenical Temple
  3147 | Temple   | Became a worshipper of Warmaster Okawaru
  3310 | D:4      | Reached XP level 7. HP: 29/57 MP: 7/7
  3718 | D:4      | Reached skill level 10 in Axes
  4005 | D:4      | Found Erezxod's Antique Armour Shop.
  4128 | D:5      | Entered Level 5 of the Dungeon
  4382 | D:5      | Reached skill level 1 in Invocations
  4549 | D:5      | Found a glowing drain.
  4560 | Sewer    | Entered a sewer
  4730 | Sewer    | Reached XP level 8. HP: 58/64 MP: 9/9
  4897 | Sewer    | Reached * piety under Okawaru
  5105 | Sewer    | Identified a scroll of acquirement
  5106 | Sewer    | Got a pitted cloak
  5117 | Sewer    | Identified the +2 cloak "Xarafim" {*Slow rPois rN+++ rCorr}
                  | (You acquired it in a sewer)
  6581 | D:7      | Noticed Duvessa
  6581 | D:7      | Noticed Dowan
  6588 | D:7      | Killed Duvessa
  6589 | D:7      | Killed Dowan
  6600 | D:7      | Noticed Joseph
  6616 | D:7      | Killed Joseph
  6616 | D:7      | Reached ** piety under Okawaru
  6616 | D:7      | Reached XP level 9. HP: 20/70 MP: 10/10
  6887 | D:7      | Found a bloodstained altar of Trog.
  7088 | D:7      | Reached skill level 15 in Axes
  7118 | D:7      | Reached *** piety under Okawaru
  7474 | D:8      | Found a glowing silver altar of Zin.
  7474 | D:8      | Found a sacrificial altar of Ru.
  7476 | D:8      | Found a hide-covered altar of Uskayaw.
  7476 | D:8      | Found a shattered altar of Ashenzari.
  7476 | D:8      | Found a shadowy altar of Dithmenos.
  7480 | D:8      | Found a stormy altar of Qazlal.
  7509 | D:8      | Got a pair of warped gloves
  7532 | D:7      | Identified the -2 pair of gloves of Ubren {Regen+ Str+3}
                  | (You acquired it on level 8 of the Dungeon)
  7789 | D:8      | Found an opulent altar of Gozag.
  7850 | D:8      | Noticed a two-headed ogre
  7860 | D:8      | Killed a two-headed ogre
  7860 | D:8      | Reached **** piety under Okawaru
  7860 | D:8      | Reached XP level 10. HP: 77/77 MP: 8/11
  8360 | D:8      | Reached skill level 4 in Shields
  8636 | D:9      | Reached skill level 5 in Armour
  8988 | D:9      | Reached skill level 5 in Shields
  9073 | D:10     | Entered Level 10 of the Dungeon
  9073 | D:10     | Found a basalt altar of Yredelemnul.
  9117 | D:10     | Reached ***** piety under Okawaru
  9199 | D:10     | Noticed Erolcha
  9217 | D:10     | Killed Erolcha
  9293 | D:10     | Reached skill level 6 in Shields
  9394 | D:10     | Got a jewelled scale mail
  9642 | D:10     | Found a staircase to the Lair.
  9681 | D:10     | Noticed Urug
  9764 | D:11     | Reached XP level 11. HP: 11/82 MP: 9/12
  9782 | D:11     | Noticed a seven-headed hydra
  9837 | D:10     | Killed Urug
  9837 | D:10     | Reached skill level 7 in Shields
  9902 | D:10     | Identified the cursed +0 scale mail of Indomitability
                  | {Slay+3} (You found it on level 10 of the Dungeon)
  9910 | D:11     | Killed a seven-headed hydra
 10252 | D:11     | Reached skill level 1 in Maces & Flails
 10262 | D:11     | Reached skill level 8 in Shields
 10365 | D:11     | Noticed Maurice
 10376 | D:11     | Killed Maurice
 10506 | D:11     | Noticed Fannar
 10519 | D:11     | Killed Fannar
 10657 | D:11     | Killed an unseen horror
 10657 | D:11     | Reached skill level 9 in Shields
 10713 | D:11     | Found Zinenuogu's Distillery.
 10714 | D:11     | Found a runed translucent door.
 10714 | D:11     | Found a shimmering altar of Xom.
 10714 | D:11     | Noticed a +0 dire flail of chaos
 10714 | D:11     | Noticed SkeletonJelly's ghost (journeyman HOFi)
 10721 | D:11     | Bought a potion of heal wounds for 80 gold pieces
 10721 | D:11     | Bought a potion of heal wounds for 80 gold pieces
 11070 | D:11     | Received a gift from Okawaru
 11173 | D:12     | Noticed a four-headed hydra
 11186 | D:12     | Killed a four-headed hydra
 11186 | D:12     | Reached skill level 10 in Armour
 11291 | D:12     | Reached XP level 12. HP: 83/90 MP: 15/15
 11335 | D:12     | Reached skill level 10 in Shields
 11337 | D:12     | Found a staircase to the Orcish Mines.
 11347 | D:12     | Noticed an eight-headed hydra
 11354 | D:12     | Killed a ten-headed hydra
 11354 | D:12     | Reached skill level 5 in Invocations
 11355 | D:12     | Noticed a two-headed ogre
 11419 | D:12     | Killed a two-headed ogre
 11466 | D:12     | Received a gift from Okawaru
 11546 | D:12     | Found Taloluur's Food Emporium.
 11796 | D:12     | Noticed a two-headed ogre
 11802 | D:12     | Killed a two-headed ogre
 11942 | Lair:1   | Entered Level 1 of the Lair of Beasts
 13019 | Lair:2   | Reached skill level 11 in Shields
 13172 | Lair:2   | Reached XP level 13. HP: 95/95 MP: 18/18
 13544 | Lair:3   | Received a gift from Okawaru
 14354 | Lair:3   | Got a shimmering helmet
 14365 | Lair:3   | Identified the +0 helmet of Words of Power {Int+6} (You
                  | found it on level 3 of the Lair of Beasts)
 14662 | Lair:2   | Reached skill level 12 in Shields
 14924 | Lair:4   | You fall into a shaft and drop 2 floors!
 14924 | Lair:6   | Entered Level 6 of the Lair of Beasts
 14924 | Lair:6   | Found a staircase to the Slime Pits.
 15095 | Lair:4   | Found a staircase to the Shoals.
 15401 | Lair:4   | Found a hole to the Spider Nest.
 15508 | Lair:4   | Noticed Snorg
 15519 | Lair:4   | Killed Snorg
 15597 | Lair:4   | Reached skill level 13 in Shields
 15982 | Lair:4   | Gained mutation: Your system is resistant to poisons.
                  | (rPois) [potion of mutation]
 15982 | Lair:4   | Gained mutation: You have sharp toenails. [potion of
                  | mutation]
 16123 | Lair:5   | Reached ****** piety under Okawaru
 16125 | Lair:5   | Reached XP level 14. HP: 65/102 MP: 14/20
 16128 | Lair:5   | Received a gift from Okawaru
 16541 | Lair:5   | Reached skill level 14 in Shields
 17415 | Lair:6   | Reached skill level 1 in Dodging
 17434 | Lair:6   | Received a gift from Okawaru
 17437 | Lair:6   | Got an ancient large shield {god gift}
 17459 | Lair:6   | Identified the +0 large shield of Eliole {rF++ rC+}
                  | (Okawaru gifted it to you on level 6 of the Lair of Beasts)
 17751 | Lair:6   | Reached skill level 15 in Shields
 18387 | Lair:6   | Reached XP level 15. HP: 107/107 MP: 21/21
 18403 | Lair:6   | Found a large runed translucent door.
 18458 | Lair:6   | Found a large runed translucent door.
 19205 | Orc:1    | Entered Level 1 of the Orcish Mines
 19273 | Orc:1    | Found a shimmering blue altar of Sif Muna.
 19394 | Orc:2    | Entered Level 2 of the Orcish Mines
 19404 | Orc:2    | Gained mutation: You are clumsy. (Dex -2) [a neqoxec]
 19407 | Orc:2    | Reached skill level 16 in Shields
 19443 | Orc:2    | Lost mutation: You are clumsy. (Dex -2) [potion of
                  | mutation]
 19443 | Orc:2    | Lost mutation: Your system is resistant to poisons. (rPois)
                  | [potion of mutation]
 19443 | Orc:2    | Lost mutation: You have sharp toenails. [potion of
                  | mutation]
 19443 | Orc:2    | Gained mutation: Your muscles are strong. (Str +2) [potion
                  | of mutation]
 19443 | Orc:2    | Gained mutation: You have sharp toenails. [potion of
                  | mutation]
 19443 | Orc:2    | Gained mutation: Your flesh is heat resistant. (rF+)
                  | [potion of mutation]
 19525 | Orc:2    | Found a staircase to the Elven Halls.
 19604 | Orc:2    | Received a gift from Okawaru
 20202 | Orc:2    | Noticed an orc warlord
 20218 | Orc:2    | Killed an orc warlord
 20226 | Orc:2    | Got an ichor-stained war axe {god gift}
 20327 | Orc:2    | Found Alaevus's Antique Armour Emporium.
 20328 | Orc:2    | Found Xenusag's Antique Weapon Emporium.
 20329 | Orc:2    | Found Xud Ykit's General Store.
 20329 | Orc:2    | Found Dikesizy's Jewellery Shoppe.
 20345 | Orc:2    | Bought a pair of glowing boots for 202 gold pieces
 20365 | Orc:2    | Bought a potion of heal wounds for 75 gold pieces
 20366 | Orc:2    | Identified the +4 war axe of the Ghost {chop, +Rage +Inv
                  | MR+} (Okawaru gifted it to you on level 2 of the Orcish
                  | Mines)
 20809 | Orc:1    | Found Kymecua's Antique Weapon Boutique.
 21093 | D:13     | Received a gift from Okawaru
 21335 | D:14     | Reached skill level 17 in Shields
 21374 | D:14     | Found a sacrificial altar of Ru.
 21513 | D:14     | Found a gate to the Vaults.
 21753 | D:14     | Reached skill level 5 in Fighting
 21776 | D:14     | Received a gift from Okawaru
 21781 | D:14     | Got a transparent war axe {god gift}
 21782 | D:14     | Identified the +2 war axe "Neiroi" {flame, rPois MR- Int+4}
                  | (Okawaru gifted it to you on level 14 of the Dungeon)
 21840 | D:15     | Entered Level 15 of the Dungeon
 21841 | D:15     | Found a staircase to the Depths.
 22328 | D:15     | Found the +2 Maxwell's thermic engine {flame, freeze}
 22469 | D:15     | Reached XP level 16. HP: 116/132 MP: 22/22
 22482 | D:15     | Reached skill level 10 in Fighting
 22887 | D:15     | Upgraded the game from 0.25-a0-353-ged6d547 to
                  | 0.25-a0-366-g516bc45
 23049 | Shoals:1 | Entered Level 1 of the Shoals
 23110 | Shoals:1 | Received a gift from Okawaru
 23112 | Shoals:1 | Got a pair of steaming boots {god gift}
 23126 | Lair:4   | Identified the -3 pair of boots of Insecurity {Str+4 Int+4}
                  | (Okawaru gifted it to you on level 1 of the Shoals)
 24333 | Shoals:2 | Found a transporter.
 24333 | Shoals:2 | Noticed a tentacled starspawn
 24337 | Shoals:2 | Found a transporter.
 24340 | Shoals:2 | Got a smoking glaive
 24514 | Shoals:2 | Found a one-way gate to the infinite horrors of the Abyss.
 24690 | Shoals:2 | Noticed Jorgrun
 24707 | Shoals:2 | Killed Jorgrun
 25015 | Shoals:2 | Noticed a kraken
 25189 | Shoals:2 | Noticed Jafutwedgh's ghost (journeyman GnFi)
 25190 | Shoals:2 | Identified the +8 trident of the Evil Eye {distort, Int+4
                  | Dex+4}
 25675 | Shoals:3 | Received a gift from Okawaru
 26100 | Elf:1    | Entered Level 1 of the Elven Halls
 26197 | Elf:1    | Reached skill level 15 in Fighting
 26262 | Elf:1    | Reached XP level 17. HP: 83/157 MP: 19/23
 26712 | Elf:1    | Got the quick blade "Zuir" {elec}
 26832 | Elf:1    | Found a shimmering altar of Xom.
 27707 | Elf:2    | Noticed a deep elf blademaster
 27873 | Elf:2    | Received a gift from Okawaru
 27980 | Elf:2    | Got a twisted hand crossbow
 27981 | Elf:2    | Identified the +6 hand crossbow of Recklessness {velocity,
                  | Str-4 Int+7} (You found it on level 2 of the Elven Halls)
 28062 | Elf:2    | Found a runed translucent gate.
 28062 | Elf:2    | Found a runed translucent gate.
 28065 | Elf:2    | Reached skill level 18 in Shields
 28074 | Elf:2    | Found a runed translucent gate.
 28184 | Elf:2    | Found an ancient bone altar of Kikubaaqudgha.
 28266 | Elf:2    | Found Plog's Weapon Shop.
 28404 | Orc:2    | Bought swamp dragon scales for 1350 gold pieces
 28588 | Spider:1 | Entered Level 1 of the Spider Nest
 28704 | Spider:1 | Received a gift from Okawaru
 28789 | Spider:1 | Got a translucent pewter ring
 28822 | Lair:4   | Identified the ring of Creativity {*Tele Stlth+} (You found
                  | it on level 1 of the Spider Nest)
 29024 | Spider:1 | Reached skill level 19 in Shields
 29124 | Spider:1 | Noticed Nikola
 29144 | Spider:1 | Killed Nikola
 29607 | Spider:2 | Found a frozen archway.
 29625 | IceCv    | Entered an ice cave
 29704 | IceCv    | Reached XP level 18. HP: 160/168 MP: 24/24
 29742 | IceCv    | Got a pair of faintly glowing gloves
 29861 | IceCv    | Found the +7 sceptre of Torment {pain, torment}
 29989 | IceCv    | Identified the +0 pair of gloves of Pragmatism {*Corrode
                  | rC+ Str+4 Int-2 Dex+2} (You found it in an ice cave)
 30196 | Spider:2 | Reached skill level 20 in Shields
 30750 | Spider:3 | Received a gift from Okawaru
 31274 | Spider:3 | Received a gift from Okawaru
 31879 | Spider:4 | Entered Level 4 of the Spider Nest
 32076 | Spider:4 | Noticed Arachne
 32110 | Spider:4 | Killed Arachne
 32110 | Spider:4 | Reached skill level 5 in Dodging
 32821 | Spider:4 | Reached skill level 15 in Armour
 33053 | Spider:4 | Received a gift from Okawaru
 33186 | Spider:4 | Reached XP level 19. HP: 179/179 MP: 25/25
 33368 | Spider:4 | Got a gossamer rune of Zot
 34519 | Shoals:4 | Entered Level 4 of the Shoals
 35158 | Shoals:4 | Received a gift from Okawaru
 35382 | Shoals:4 | Got a barnacled rune of Zot
 36042 | Lair:4   | Upgraded the game from 0.25-a0-366-g516bc45 to
                  | 0.25-a0-435-g4b9beb1
 36227 | Vaults:1 | Entered Level 1 of the Vaults
 36320 | Vaults:1 | Received a gift from Okawaru
 36344 | Vaults:1 | Got an ancient broad axe {god gift}
 36352 | D:14     | Identified the +3 broad axe "Guybiwe" {vorpal, SInv}
                  | (Okawaru gifted it to you on level 1 of the Vaults)
 36516 | Vaults:1 | Found Vudoggywn's Book Shop.
 36521 | Vaults:1 | Found Opu Nuit's Weapon Shoppe.
 36556 | Vaults:1 | Reached XP level 20. HP: 193/193 MP: 24/26
 37000 | Vaults:1 | Received a gift from Okawaru
 37745 | Vaults:1 | Got a scintillating bronze ring
 37848 | Vaults:1 | You fall into a shaft and drop 1 floor!
 38150 | Vaults:1 | Identified the ring of Xezaogo {MR++ rCorr Str+2 Dex-4
                  | Stlth+} (You found it on level 1 of the Vaults)
 38588 | Vaults:2 | Identified the +5 scale mail of Boredom {SInv}
 38824 | Vaults:2 | Noticed Donald
 38840 | Vaults:2 | Killed Donald
 38858 | Vaults:2 | Received a gift from Okawaru
 38882 | Vaults:2 | Identified a +0 pair of boots of running (Okawaru gifted it
                  | to you on level 2 of the Vaults)
 39163 | Vaults:2 | Found a staircase to the Crypt.
 39428 | Vaults:2 | Reached XP level 21. HP: 184/209 MP: 27/27
 39617 | Crypt:1  | Entered Level 1 of the Crypt
 39641 | Vaults:3 | You fall into a shaft and drop 1 floor!
 39924 | Vaults:4 | Found Hisukeu's Armour Emporium.
 40764 | Vaults:3 | Noticed Saint Roka
 40773 | Vaults:3 | Received a gift from Okawaru
 40785 | Vaults:3 | Killed Saint Roka
 40983 | Vaults:3 | Noticed Bai Suzhen
 41002 | Vaults:3 | Killed Bai Suzhen
 41014 | Vaults:3 | Found a flickering gateway to a bazaar.
 41020 | Bazaar   | Entered a bazaar
 41020 | Bazaar   | Found Buideesk's Magic Scroll Shoppe.
 41020 | Bazaar   | Found Timimi's General Store.
 41050 | Bazaar   | Found Fagad's Antique Weapon Emporium.
 41058 | Bazaar   | Found Cudac's Jewellery Emporium.
 41069 | Bazaar   | Found Qyushafy's Antique Armour Boutique.
 41089 | Bazaar   | Bought a scroll of identify for 22 gold pieces
 41106 | Bazaar   | Bought a wand of digging (5) for 144 gold pieces
 41120 | Bazaar   | Bought a pair of polished boots for 237 gold pieces
 41130 | Bazaar   | Identified the cursed -1 pair of boots "Pitontehe" {rC++
                  | MP+9 Int-5 Stlth+} (You bought it in a shop in a bazaar)
 41627 | Vaults:3 | Noticed Mara
 41635 | Vaults:3 | Noticed kazza789's illusion
 41659 | Vaults:3 | Noticed kazza789's illusion
 41666 | Vaults:3 | Killed Mara
 41666 | Vaults:3 | Received a gift from Okawaru
 41920 | Vaults:3 | Reached XP level 22. HP: 207/222 MP: 26/28
 41944 | Vaults:3 | Reached skill level 21 in Shields
 41988 | Vaults:3 | Received a gift from Okawaru
 41995 | Vaults:3 | Got a crystal broad axe {god gift}
 42052 | Vaults:3 | Identified the +1 broad axe "Cosiynis" {flame, Int+4}
                  | (Okawaru gifted it to you on level 3 of the Vaults)
 42876 | Vaults:5 | Entered Level 5 of the Vaults
 43071 | Vaults:5 | Received a gift from Okawaru
 43163 | Vaults:5 | Identified the amulet of Uvenai {Faith Int+4 Slay+2 Stlth+}
 44006 | Vaults:5 | Reached skill level 22 in Shields
 44257 | Vaults:5 | Got a crude ring mail {god gift}
 44283 | Vaults:4 | Identified the +3 ring mail of the Undertaker {rN++ Int-5}
                  | (Okawaru gifted it to you on level 5 of the Vaults)
 44361 | Vaults:5 | Reached XP level 23. HP: 208/229 MP: 29/29
 44473 | Vaults:5 | Received a gift from Okawaru
 44546 | Vaults:5 | Identified the ring "Tihat" {rN+ Str+3 Int+4 SInv Stlth+}
 44549 | Vaults:5 | Noticed a golden dragon
 44560 | Vaults:5 | Identified the ring of Wonweasm {rPois rF++ Int+3 Dex-2
                  | SInv}
 44725 | Vaults:5 | Killed a golden dragon
 44725 | Vaults:5 | Reached skill level 10 in Dodging
 44986 | Vaults:5 | Reached skill level 23 in Shields
 45061 | Vaults:5 | Got a silver rune of Zot
 45560 | Vaults:5 | Got an encrusted ring mail
 45625 | Vaults:5 | Got a faintly glowing steel ring
 45628 | Vaults:5 | Got a translucent brass ring
 45855 | Vaults:5 | Identified the cursed +1 ring mail of the Griffon {rN+
                  | Regen+} (You found it on level 5 of the Vaults)
 45973 | Vaults:5 | Received a gift from Okawaru
 45974 | Vaults:5 | Found the +8 Wrath of Trog {antimagic, *Rage}
 45981 | Vaults:5 | Found Huquqio's Book Boutique.
 46311 | Vaults:5 | Found the +10 large shield of Ignorance {rN+ Int-4}
 46438 | Vaults:5 | Got a brightly glowing spear
 46439 | Vaults:5 | Identified the cursed +3 spear of Blood-Lust {vorpal, rF+
                  | Str+4} (You found it on level 5 of the Vaults)
 47064 | Elf:3    | Entered Level 3 of the Elven Halls
 47097 | Elf:3    | Found a flickering gateway to a bazaar.
 47115 | Bazaar   | Entered a bazaar
 47115 | Bazaar   | Found Awnuemu's Food Emporium.
 47115 | Bazaar   | Found Fuwex's Magic Scroll Shoppe.
 47115 | Bazaar   | Found Host's Antique Armour Emporium.
 47117 | Bazaar   | Found Ekhlurazi's Weapon Shoppe.
 47128 | Bazaar   | Bought a scroll of teleportation for 36 gold pieces
 47128 | Bazaar   | Bought a scroll of magic mapping for 42 gold pieces
 47128 | Bazaar   | Bought a scroll of enchant weapon for 90 gold pieces
 47304 | Lair:1   | Identified the ring of Vergh {Str+2 Stlth+} (You found it
                  | on level 5 of the Vaults)
 47309 | Lair:1   | Identified the ring of Mirth {rC+ MP+9} (You found it on
                  | level 5 of the Vaults)
 47503 | Elf:3    | Identified the +7 scimitar of Rauczola {distort, rN+}
 47584 | Elf:3    | Received a gift from Okawaru
 47741 | Elf:3    | Identified the +3 mace of Conservatism {vorpal, rElec rC+}
 47844 | Elf:3    | Identified the +12 morningstar of the Shore {drain, +Rage
                  | rF+++ Int+2 Dex-3}
 47854 | Elf:3    | Identified the +0 scale mail "Ciyq" {Dex+3}
 47868 | Elf:3    | Identified the +8 flail of the Goat {holy, +Rage}
 47868 | Elf:3    | Identified the cursed ring "Voem" {rElec Int-4}
 47899 | Elf:3    | Reached skill level 24 in Shields
 47900 | Elf:3    | Reached XP level 24. HP: 189/238 MP: 22/29
 47949 | Elf:3    | Identified the ring of the Gloaming {rN+ Str+5}
 48074 | Elf:3    | Identified Caoweg's Compendium of Virous Attacks
 48146 | Elf:3    | Found the +11 plutonium sword {*Contam Stlth-}
 48262 | Elf:3    | Found Hoiramee's Jewellery Shop.
 48263 | Elf:3    | Found Lugomio's Gadget Emporium.
 48267 | Elf:3    | Found Mihif's Jewellery Shop.
 48369 | Elf:3    | Found a transporter.
 48372 | Elf:3    | Found a transporter.
 48401 | Elf:3    | Bought the ring of Phasing {EV+8} for 1664 gold pieces
 48401 | Elf:3    | Found the ring of Phasing {EV+8}
 48543 | Elf:3    | Received a gift from Okawaru
 49102 | Elf:3    | Noticed Agouti's ghost (adept GnSk)
 49105 | Elf:3    | Noticed Agouti's ghost (adept GnSk)
 49324 | Elf:3    | Killed Agouti's ghost
 49406 | Elf:3    | Got a transparent hat
 49459 | Elf:3    | Identified the +2 hat "Simeret" {-Tele rPois rN+ Str+6}
                  | (You found it on level 3 of the Elven Halls)
 49595 | D:11     | Killed SkeletonJelly's ghost
 49978 | Depths:1 | Entered Level 1 of the Depths
 50160 | Depths:1 | Received a gift from Okawaru
 50208 | Depths:1 | Got a faintly humming leather armour
 50222 | Depths:1 | Identified the cursed +0 leather armour of Intercession
                  | {rF+ rCorr Int+3 Slay-4} (You found it on level 1 of the
                  | Depths)
 50293 | Depths:1 | Found a gateway to Hell.
 50308 | Depths:1 | Found a magical portal.
 50361 | WizLab   | Found a transporter.
 50369 | WizLab   | Found a corrupted altar of Lugonu.
 50384 | WizLab   | Found a transporter.
 50406 | WizLab   | Found a corrupted altar of Lugonu.
 50411 | WizLab   | Found a transporter.
 50442 | WizLab   | Found a transporter.
 50447 | WizLab   | Found a transporter.
 50526 | WizLab   | Found a transporter.
 50549 | WizLab   | Found the +1 cloak of Starlight {rElec rC+ EV+4 Stlth--}
 50559 | WizLab   | Found a transporter.
 50601 | WizLab   | Found a transporter.
 50604 | WizLab   | Found a transporter.
 50620 | WizLab   | Found a transporter.
 50665 | WizLab   | Found a transporter.
 50694 | WizLab   | Found a transporter.
 50719 | WizLab   | Found a transporter.
 50838 | WizLab   | Found a transporter.
 50870 | WizLab   | Identified Golubria's Incunabulum of the Compass
 50890 | WizLab   | Got an ichor-stained cloak
 50984 | WizLab   | Found a transporter.
 50984 | WizLab   | Found a transporter.
 51031 | WizLab   | Found a transporter.
 51031 | WizLab   | Found a transporter.
 51121 | WizLab   | Found a transporter.
 51121 | WizLab   | Found a transporter.
 51188 | WizLab   | Identified the cursed +0 cloak of Xaiclub {rCorr Int+6}
                  | (You found it in a wizard's laboratory)
 51546 | Depths:1 | Received a gift from Okawaru
 51639 | Depths:1 | Found a snail-covered altar of Cheibriados.
 51688 | Depths:1 | Identified Isuqatt's Grimoire of the Fiery Glacier
 51997 | Depths:2 | Reached XP level 25. HP: 231/245 MP: 29/29
 52011 | Depths:2 | Received a gift from Okawaru
 52086 | Depths:2 | Found a gateway to a ziggurat.
 52104 | Depths:2 | Found Fiowergh's Antique Weapon Emporium.
 52505 | Depths:2 | Found an ancient bone altar of Kikubaaqudgha.
 52505 | Depths:2 | Noticed an ancient lich
 52522 | Depths:2 | Killed an ancient lich
 52789 | Depths:2 | Received a gift from Okawaru
 52943 | Depths:2 | Got a brightly glowing turquoise ring
 52945 | Depths:2 | Got a scorched silver ring
 52951 | Depths:2 | Identified the ring of Psychosis {Wiz -Tele rElec Int+2}
                  | (You found it on level 2 of the Depths)
 52956 | Depths:2 | Identified the ring "Cisippet" {+Inv rC+ Int+2} (You found
                  | it on level 2 of the Depths)
 53205 | Depths:2 | Identified the Catalogue of Damaging Curses
 53239 | Depths:2 | Reached skill level 15 in Dodging
 54433 | Depths:3 | Noticed Xtahua
 54450 | Depths:3 | Killed Xtahua
 54590 | Depths:3 | Noticed Margery
 54610 | Depths:3 | Killed Margery
 54713 | Depths:3 | You fall into a shaft and drop 1 floor!
 54747 | Depths:4 | Received a gift from Okawaru
 54748 | Depths:4 | Found the +7 Kryia's mail coat {PotionHeal*2 rC+}
 55238 | Depths:4 | Found a shattered altar of Ashenzari.
 55450 | Depths:5 | Entered Level 5 of the Depths
 55456 | Depths:5 | Noticed a juggernaut
 55473 | Depths:5 | Reached XP level 26. HP: 253/253 MP: 22/29
 55476 | Depths:5 | Killed a juggernaut
 55603 | Depths:5 | Found a gate to the Realm of Zot.
 55621 | Depths:5 | Received a gift from Okawaru
 55631 | Depths:5 | Got an ichor-stained chain mail {god gift}
 56827 | Depths:3 | Received a gift from Okawaru
 57472 | Depths:3 | Found a one-way gate leading to the halls of Pandemonium.
 58286 | D:11     | Bought a potion of mutation for 128 gold pieces
 58323 | Lair:1   | Lost mutation: Your muscles are strong. (Str +2) [potion of
                  | mutation]
 58323 | Lair:1   | Gained mutation: You have a pair of small horns on your
                  | head. [potion of mutation]
 58323 | Lair:1   | Gained mutation: You are somewhat resistant to further
                  | mutation. [potion of mutation]
 58324 | Lair:1   | Lost mutation: Your flesh is heat resistant. (rF+) [potion
                  | of mutation]
 58324 | Lair:1   | Lost mutation: You have a pair of small horns on your head.
                  | [potion of mutation]
 58324 | Lair:1   | Lost mutation: You are somewhat resistant to further
                  | mutation. [potion of mutation]
 58324 | Lair:1   | Lost mutation: You have sharp toenails. [potion of
                  | mutation]
 58324 | Lair:1   | Gained mutation: Armour fits poorly on your strangely
                  | shaped body. [potion of mutation]
 58324 | Lair:1   | Gained mutation: Your mind is acute. (Int +2) [potion of
                  | mutation]
 58324 | Lair:1   | Gained mutation: You are resistant to hostile enchantments.
                  | (MR+) [potion of mutation]
 58326 | Lair:1   | Lost mutation: Your mind is acute. (Int +2) [potion of
                  | mutation]
 58326 | Lair:1   | Lost mutation: Armour fits poorly on your strangely shaped
                  | body. [potion of mutation]
 58326 | Lair:1   | Gained mutation: You do not regenerate when monsters are
                  | visible. [potion of mutation]
 58326 | Lair:1   | Gained mutation: Your spells are a little easier to cast,
                  | but a little less powerful. [potion of mutation]
 58326 | Lair:1   | Gained mutation: You expend magic power (3 MP) to
                  | strengthen your wands. [potion of mutation]
 58327 | Lair:1   | Lost mutation: Your spells are a little easier to cast, but
                  | a little less powerful. [potion of mutation]
 58327 | Lair:1   | Lost mutation: You expend magic power (3 MP) to strengthen
                  | your wands. [potion of mutation]
 58327 | Lair:1   | Gained mutation: You are robust. (+10% HP) [potion of
                  | mutation]
 58327 | Lair:1   | Gained mutation: Your flesh is cold resistant. (rC+)
                  | [potion of mutation]
 58400 | D:8      | Fell from the grace of Okawaru
 58400 | D:8      | Became a worshipper of Zin the Law-Giver
 58400 | D:8      | Reached * piety under Zin
 58400 | D:8      | Reached ** piety under Zin
 58400 | D:8      | Reached *** piety under Zin
 58402 | D:8      | Donated 1371 gold pieces to Zin
 58656 | Crypt:1  | Reached **** piety under Zin
 58956 | Crypt:1  | Reached skill level 25 in Shields
 59037 | Crypt:1  | Reached ***** piety under Zin
 59297 | Crypt:1  | Reached XP level 27. HP: 274/286 MP: 30/30
 59300 | Crypt:1  | Reached skill level 10 in Invocations
 60496 | Crypt:2  | Found a transporter.
 60722 | Crypt:2  | Reached skill level 26 in Shields
 60967 | Crypt:2  | Reached ****** piety under Zin
 60990 | Crypt:2  | Noticed an ancient lich
 61026 | Crypt:2  | Found a transporter.
 61505 | Crypt:2  | Killed an ancient lich
 61543 | Crypt:2  | Got a transparent ring mail
 61563 | Crypt:2  | Got a pair of warped gloves
 61574 | Crypt:2  | Identified the cursed +0 pair of gloves "Suillum" {rF+ rC+
                  | MR+ Str+2} (You found it on level 2 of the Crypt)
 61585 | Crypt:2  | Identified the +1 ring mail "Iraam" {*Slow rC+ rCorr} (You
                  | found it on level 2 of the Crypt)
 61606 | Crypt:2  | Identified the +5 chain mail "Vemoz" {+Inv rN+ Str+2}
                  | (Okawaru gifted it to you on level 5 of the Depths)
 62297 | Crypt:3  | Entered Level 3 of the Crypt
 62457 | Crypt:3  | Reached skill level 15 in Invocations
 62676 | Crypt:3  | Noticed an ancient lich
 62694 | Crypt:3  | Killed an ancient lich
 62888 | Crypt:3  | Found an ancient bone altar of Kikubaaqudgha.
 63087 | Crypt:3  | Found a staircase to the Tomb.
 63384 | Crypt:2  | Learned a level 1 spell: Summon Butterflies
 63719 | Hell     | Entered the Vestibule of Hell
 63719 | Hell     | Noticed Geryon
 63748 | Hell     | Killed Geryon
 63748 | Hell     | Reached skill level 1 in Spellcasting
 63748 | Hell     | Reached skill level 1 in Summonings
 63894 | Hell     | Found a gateway to the ashen valley of Gehenna.
 64231 | Hell     | Found a gateway to the decaying netherworld of Tartarus.
 64385 | Hell     | Found a gateway to the freezing wastes of Cocytus.
 64582 | Hell     | Reached skill level 5 in Summonings
 64602 | Hell     | Found a gateway to the Iron City of Dis.
 64789 | Hell     | Learned a level 2 spell: Blink
 64790 | Tar:1    | Entered Level 1 of Tartarus
 64836 | Tar:1    | Reached skill level 1 in Translocations
 65070 | Tar:1    | Was forgiven by Okawaru
 65156 | Tar:1    | Reached skill level 5 in Spellcasting
 65937 | Tar:4    | Reached skill level 5 in Translocations
 66820 | Tar:6    | Killed from afar by a hellion

Levels and vault maps discovered:
D:1:      dpeg_arrival_houses_and_road, layout_loops_ring
D:2:      layout_basic, regret_index_temple_of_mockery,
          lemuel_coloured_pillars_altar, st_stairs_4, uniq_robin
D:3:      layout_loops_ring
D:4:      layout_basic, minmay_temple_entry_waves, first_ration, serial_shops,
          shop
D:5:      layout_loops_cross, portal_sewer_entry_d, minmay_splitting_lines,
          minmay_misc_feat_tiny, corexii_checkpoint_b
D:6:      layout_gridville, lemuel_statue_altar
D:7:      layout_basic, trog_ov_bears_minmay, uniq_duvessa, uniq_joseph
D:8:      layout_loops_ring, grunt_temple_overflow_open, lemuel_round_altar
D:9:      layout_cave_pools, the_bakery
D:10:     layout_roguey, lair_entry_dummy, yredelemnul_altar_generic, uniq_urug,
          uniq_erolcha
D:11:     layout_stronghold, ebering_ghost_xom, serial_shops, shop,
          uniq_maurice, uniq_fannar
D:12:     layout_cross, zombieorc2_lemuel, serial_shops, shop,
          minmay_misc_feat_four_crosses
D:13:     layout_gridville, eino_small_chamber_without_monster
D:14:     layout_long_grid, erik_vaults_1, hangedman_decor_points, basic_altar
D:15:     gammafunk_depths_entry_grave, layout_small_grid, special_room
          [special_room_mythical_zoo], chequers_serial_rivers_small_b
Temple:   minmay_temple_curvy_loop
Lair:1:   layout_regular_city, serial_bayou, serial_bayou_lagoon_b,
          serial_bayou_lagoon_a, serial_bayou_pond_e, serial_bayou_pond_c,
          grunt_megastairs_4
Lair:2:   layout_loops_ring, chequers_serial_rivers_large_a, serial_bayou_pond_b
Lair:3:   layout_hall_layers, lemuel_fruit_fields, grunt_megastairs_3
Lair:4:   layout_roguey, elwin_shoals_entry_rocks,
          nicolae_spider_entry_tight_spaces, uniq_snorg
Lair:5:   layout_regular_city
Lair:6:   cheibrodos_lair_end_hotspot, layout_regular_city, slime_dummy
Shoals:1: layout_shoals
Shoals:2: cheibrodos_shoals_baths, layout_shoals,
          gammafunk_ghost_abyssal_escape, uniq_jorgrun
Shoals:3: layout_shoals
Shoals:4: shoals_end_hangedman, layout_shoals, nicolae_shoals_kraken_party
Spider:1: layout_spider_delve, nicolae_spider_nook,
          hangedman_spider_tarantella_strand, uniq_nikola
Spider:2: layout_spider_delve, portal_ice_cave_entry_pillars_1,
          guppyfry_spider_mini_1
Spider:3: nicolae_spider_mines_3, drop_trap
Spider:4: johnstein_spider_rune_arachne_lair
Orc:1:    layout_caves, serial_shops, nicolae_shop_behind_doors, led_sif_book
Orc:2:    st_orc_congregation, layout_caves
Elf:1:    minmay_shoctagon, layout_loops_corners, basic_altar, evilmike_minifort
Elf:2:    layout_geoelf_grid, basic_altar, serial_shops, shop,
          dk_noncrumbling_3, fake_guardian_serpent_vault
Elf:3:    minmay_elf_hall_furrowed, layout_gridlike, serial_shops,
          bzr_entry_customers, gammafunk_ghost_abyssal_escape, minmay_shop_grove
Vaults:1: v_misc_8, ontoclasm_vaults_loading_screen, ontoclasm_vaults_bender,
          grunt_vaults_trifunnel, ontoclasm_vaults_water_temple, v_misc_13,
          v_misc_14, nicolae_vaults_windows_and_doors_thing,
          vaults_room_corners, vaults_room_hallway,
          vaults_room_grunt_arrival_ludios, nicolae_vaults_angled_halls,
          vaults_room_pool, vaults_room_corners, layout_vaults_ring,
          serial_shops, shop_fountains, shop
Vaults:2: vaults_room_pool, minmay_crypt_entry_simple_sparse,
          grunt_vaults_swirl, nicolae_vaults_twisting_passages,
          ontoclasm_vaults_fault, v_misc_8, v_misc_12, vaults_room_fours,
          vaults_room_pool, v_misc_26, nicolae_vaults_mini_display_case,
          layout_vaults_omnigrid, uniq_donald
Vaults:3: nicolae_vaults_specimen_jars, nicolae_vaults_puzzle_piece,
          nicolae_vaults_triangles, v_alt_pattern_2, st_lines,
          nicolae_vaults_stairing_the_circle, v_misc_9, v_rooms_5,
          ontoclasm_vaults_loading_screen, vaults_dpeg_cross, vaults_mumra_lcd,
          layout_vaults_maze, serial_shops, bzr_entry_safe, uniq_bai_suzhen,
          uniq_saint_roka, uniq_mara
Vaults:4: grunt_vaults_funnel, nicolae_vaults_bisected_slash,
          nicolae_vaults_little_squares_5, ontoclasm_vaults_loading_screen,
          nicolae_vaults_little_squares_2, grunt_vaults_twisty,
          nicolae_vaults_little_squares_1, hangedman_vaults_pinch,
          vaults_room_grunt_arrival_checkpoint, hangedman_vaults_slice,
          layout_vaults_big_room, serial_shops, shop
Vaults:5: serial_shops
Crypt:1:  layout_gridlike, minivault_5, grunt_crypt_arrival_webbed,
          grunt_megastairs_1
Crypt:2:  gammafunk_the_bubble [the_bubble_gammafunk_split],
          layout_misc_corridors, moated_statue, wad_floor_pattern_untrapped
Crypt:3:  cryptofortress_bobbens
Depths:1: evilmike_marble_ring, layout_gridlike,
          lightli_enter_wizlab_magi_temple, minmay_misc_feat_plants, hell_entry,
          cheibriados_altar_1, kennysheep_random_hallway
Depths:2: evilmike_negative_zone, layout_basic, enter_ziggurat_a, serial_glass,
          glass_columns_a, glass_columns_c, grunt_hell_entry_dis_mu,
          serial_shops, nicolae_shop_window_shopping,
          minmay_hollow_rounded_squares
Depths:3: wad_mega_maze, layout_basic, hell_entry,
          chequers_serial_rivers_micro_b, hangedman_abyss_entry_splay,
          rand_demon_pan_entry_9, uniq_xtahua, uniq_margery
Depths:4: evilmike_inaccessible_box, layout_cave_pools,
          nicolae_ashenzari_panopticon, pf_hell_entry_tar_river, abyss_entry,
          kennysheep_nub
Depths:5: grunt_zot_entry_tricorne, layout_gridlike, hell_entry,
          minmay_misc_feat_enclosed, abyss_entry_crystal, nrook_pool_corridor,
          serial_sigils_hangedman_writhe
Hell
Tar:1:    layout_honeycomb
Tar:2:    layout_grid_maze, lemuel_nasty_fountain
Tar:3:    layout_cathedral_of_symmetry
Tar:4:    layout_honeycomb
Tar:5:    layout_grid_maze, evilmike_ambush [evilmike_ambush_outer_pillars,
          evilmike_ambush_inner_pond], grunt_megastairs_2
Tar:6:    layout_cathedral_of_symmetry

Skill      XL: |  1  2  3  4  5  6  7  8  9 10 11 12 13 14 15 16 17 18 19 20 21 22 23 24 25 26 27 |
---------------+----------------------------------------------------------------------------------+-----
Axes           | 3 4 5 6 8 9 11 14 16 17 18 19 20 | 20.5
Invocations    | 2 4 7 8 9 19 | 19.8
Armour         | 7 10 12 14 15 16 17 18 19 20 | 20.2
Shields        | 6 9 11 13 15 17 19 20 22 24 25 26 | 26.0
Maces & Flails | 1 |  1.0
Dodging        | 2 4 5 7 8 9 10 13 16 17 | 17.7
Fighting       | 9 15 16 17 20 22 24 | 24.0
Spellcasting   | 7 |  7.9
Summonings     | 5 |  5.0
Translocations | 7 |  7.2

Action                   |  1- 3 |  4- 6 |  7- 9 | 10-12 | 13-15 | 16-18 | 19-21 | 22-24 | 25-27 || total
-------------------------+-------+-------+-------+-------+-------+-------+-------+-------+-------++-------
Melee: War axe           |   161 |   170 |   363 |   232 |       |    14 |       |       |       ||   940
       Eveningstar       |       |       |       |   116 |    49 |     6 |     5 |       |       ||   176
       Broad axe         |       |       |       |   224 |   904 |  1152 |  1278 |  1188 |  3368 ||  8114
Invok: Heroism           |       |       |     2 |    12 |    28 |    19 |    15 |    13 |     4 ||    93
       Finesse           |       |       |       |     4 |     9 |     6 |     4 |     4 |     1 ||    28
       Donate Gold       |       |       |       |       |       |       |       |       |     1 ||     1
       Recite            |       |       |       |       |       |       |       |       |     3 ||     3
       Vitalisation      |       |       |       |       |       |       |       |       |     1 ||     1
       Sanctuary         |       |       |       |       |       |       |       |       |     1 ||     1
  Use: Scroll            |     2 |     7 |     8 |     6 |     8 |    12 |     9 |    11 |     7 ||    70
       Potion            |       |     1 |     3 |     2 |     7 |     6 |     1 |     4 |     6 ||    30
 Stab: Distracted        |       |       |       |       |       |       |       |     1 |       ||     1
       Sleeping          |       |       |       |       |       |       |       |     4 |       ||     4
       Confused          |       |       |       |       |       |       |       |       |     2 ||     2
  Eat: Chunk             |     2 |     6 |    12 |    18 |    20 |    18 |    25 |    11 |    11 ||   123
       Ration            |       |       |     1 |       |     3 |     5 |     1 |     6 |    10 ||    26
Armor: Scale mail        |    73 |    63 |   110 |   155 |   132 |    89 |    98 |    68 |       ||   788
       Swamp dragon scal |       |       |       |       |       |    58 |       |       |       ||    58
       Chain mail        |       |       |       |       |       |   144 |    47 |       |       ||   191
       Ring mail         |       |       |       |       |       |       |       |    59 |    26 ||    85
       Gold dragon scale |       |       |       |       |       |       |       |       |   224 ||   224
Dodge: Dodged            |    37 |    44 |    90 |   153 |   249 |   314 |   206 |   255 |   566 ||  1914
Block: Shield            |    83 |    59 |   142 |   273 |   213 |       |       |       |       ||   770
       Large shield      |       |       |       |       |   460 |  1388 |  1231 |   967 |  2558 ||  6604
       Reflection        |       |       |       |       |       |     1 |   188 |    39 |    43 ||   271

Table legend:
 A = Non-vault XP
 B = Vault XP
 C = Vault XP percentage of total XP
 D = Non-vault monster count
 E = Vault monster count
 F = Vault count percentage of total count
                 A         B        C        D         E       F
            +---------+---------+-------+---------+---------+-------
      Total |  847408 |  784324 |  48.1 |    1675 |    1079 |  39.2
            +---------+---------+-------+---------+---------+-------
        D:1 |      44 |       0 |   0.0 |      24 |       0 |   0.0
        D:2 |      43 |      42 |  49.4 |      18 |      15 |  45.5
        D:3 |     222 |       0 |   0.0 |      38 |       0 |   0.0
        D:4 |     404 |       0 |   0.0 |      16 |       0 |   0.0
        D:5 |     569 |      18 |   3.1 |      16 |       3 |  15.8
        D:6 |     183 |       0 |   0.0 |       7 |       0 |   0.0
        D:7 |     946 |     949 |  50.1 |      15 |       5 |  25.0
        D:8 |    1934 |       0 |   0.0 |      22 |       0 |   0.0
        D:9 |    1007 |     205 |  16.9 |      17 |       1 |   5.6
       D:10 |    1675 |    1836 |  52.3 |      33 |       2 |   5.7
       D:11 |    4408 |    3417 |  43.7 |      32 |       4 |  11.1
       D:12 |    7142 |     909 |  11.3 |      36 |      36 |  50.0
       D:13 |    3539 |       0 |   0.0 |      15 |       0 |   0.0
       D:14 |    3556 |    2442 |  40.7 |      19 |       3 |  13.6
       D:15 |    7250 |   10878 |  60.0 |      16 |      27 |  62.8
     Lair:1 |    3162 |     906 |  22.3 |      14 |       3 |  17.6
     Lair:2 |    7726 |     115 |   1.5 |      28 |       1 |   3.4
     Lair:3 |    5304 |     280 |   5.0 |      15 |       2 |  11.8
     Lair:4 |    8366 |    3672 |  30.5 |      22 |      10 |  31.2
     Lair:5 |   11460 |       0 |   0.0 |      31 |       0 |   0.0
     Lair:6 |   16497 |    8802 |  34.8 |      59 |      30 |  33.7
   Shoals:1 |    8721 |       0 |   0.0 |      16 |       0 |   0.0
   Shoals:2 |   15289 |    9017 |  37.1 |      29 |      10 |  25.6
   Shoals:3 |   16322 |       0 |   0.0 |      30 |       0 |   0.0
   Shoals:4 |    9935 |   28247 |  74.0 |      18 |      33 |  64.7
   Spider:1 |   15951 |    8148 |  33.8 |      40 |      12 |  23.1
   Spider:2 |    8270 |    2215 |  21.1 |      17 |       8 |  32.0
   Spider:3 |   22812 |    5381 |  19.1 |      59 |      15 |  20.3
   Spider:4 |   17545 |   29616 |  62.8 |      49 |      48 |  49.5
      Orc:1 |    1455 |       0 |   0.0 |      29 |       0 |   0.0
      Orc:2 |    2388 |   11240 |  82.5 |      18 |      76 |  80.9
      Elf:1 |   17133 |   14388 |  45.6 |      30 |      22 |  42.3
      Elf:2 |   11346 |    2289 |  16.8 |      19 |       3 |  13.6
      Elf:3 |   17744 |   73688 |  80.6 |      33 |      48 |  59.3
   Vaults:1 |   40330 |   25630 |  38.9 |      72 |      37 |  33.9
   Vaults:2 |   27342 |   20424 |  42.8 |      50 |      29 |  36.7
   Vaults:3 |   22596 |   47062 |  67.6 |      43 |      50 |  53.8
   Vaults:4 |   35140 |   37434 |  51.6 |      65 |      27 |  29.3
   Vaults:5 |   31858 |  115877 |  78.4 |      39 |      92 |  70.2
    Crypt:1 |   44579 |    7859 |  15.0 |      56 |      10 |  15.2
    Crypt:2 |   48154 |   26204 |  35.2 |      50 |      19 |  27.5
    Crypt:3 |       0 |   64498 | 100.0 |       0 |      84 | 100.0
   Depths:1 |   20863 |   23571 |  53.0 |      29 |      24 |  45.3
   Depths:2 |   36538 |   61822 |  62.9 |      39 |      58 |  59.8
   Depths:3 |   32115 |   18716 |  36.8 |      40 |      14 |  25.9
   Depths:4 |   37918 |    1984 |   5.0 |      41 |       5 |  10.9
   Depths:5 |   62372 |   20625 |  24.9 |      61 |      15 |  19.7
       Hell |   12017 |   47109 |  79.7 |      24 |      59 |  71.1
      Tar:1 |   33564 |       0 |   0.0 |      34 |       0 |   0.0
      Tar:2 |    7399 |       0 |   0.0 |      19 |       0 |   0.0
      Tar:3 |    5280 |       0 |   0.0 |      14 |       0 |   0.0
      Tar:4 |   45063 |       0 |   0.0 |      31 |       0 |   0.0
      Tar:5 |   24497 |   14978 |  37.9 |      37 |      19 |  33.9
      Tar:6 |   29435 |       0 |   0.0 |      51 |       0 |   0.0
      Sewer |       0 |     344 | 100.0 |       0 |      48 | 100.0
      IceCv |       0 |    6520 | 100.0 |       0 |      32 | 100.0
     WizLab |       0 |   24967 | 100.0 |       0 |      40 | 100.0
            +---------+---------+-------+---------+---------+-------
